 Dungeon Crawl Stone Soup version 0.22-a0-567-gff9aefc (webtiles) character file.

44 iamserjio the Shield-Bearer (level 3, -1/23 HPs)
             Began as a Gargoyle Fighter on June 29, 2018.
             Slain by a gnoll (2 damage)
             ... on level 3 of the Dungeon.
             The game lasted 00:01:44 (246 turns).

iamserjio the Shield-Bearer (Gargoyle Fighter)       Turns: 246, Time: 00:01:45

Health: -1/23      AC: 10    Str: 25    XL:     3   Next: 60%
Magic:  3/3        EV:  7    Int:  8    God:
Gold:   74         SH:  9    Dex:  9    Spells: 2/2 levels left

rFire    . . .     SeeInvis .   a - +0 war axe
rCold    . . .     Gourm    .   c - +0 shield
rNeg     + . .     Faith    .   b - +0 scale mail
rPois    ∞         Spirit   .   (no helmet)
rElec    +         Reflect  .   (no cloak)
rCorr    .         Harm     .   (no gloves)
MR       .....                  (no boots)
Stlth    ..........             (no amulet)
HPRegen  0.07/turn              (no ring)
MPRegen  0.08/turn              (no ring)

@: mighty
A: negative energy resistance 1, electricity resistance, unbreathing,
petrification resistance, rot immunity, AC +3
a: no special abilities


You were on level 3 of the Dungeon.
You were not hungry.

You visited 1 branch of the dungeon, and saw 3 of its levels.

You collected 74 gold pieces.

Inventory:

Hand Weapons
 a - a +0 war axe (weapon)
Armour
 b - a +0 scale mail (worn)
 c - a +0 shield (worn)
 e - a +0 helmet
Scrolls
 g - a scroll of remove curse {unknown}
 h - a scroll of amnesia {unknown}
 j - a scroll of enchant weapon {unknown}
Potions
 i - a potion of flight {unknown}
Comestibles
 f - 3 rations


   Skills:
 + Level 3.5 Fighting
 * Level 2.5 Axes
 + Level 3.6 Armour
 * Level 3.9 Shields


You had 2 spell levels left.
You didn't know any spells.
Your spell library was empty.

Dungeon Overview and Level Annotations

Branches:
Dungeon (3/15)

Altars:


Innate Abilities, Weirdness & Mutations

You are resistant to torment.
Your stone body is resilient. (AC +3)
You are immune to poison.
You resist negative energy. (rN+)
You are resistant to electric shocks. (rElec)
You can survive without breathing.
You are immune to petrification.
You are immune to rotting.


Message History

You climb downwards. 4 gnolls come into view.
A gnoll is wielding a halberd of distortion.
The gnoll shouts! x3
Found a fuming dark potion and 24 gold pieces.
There is a stone staircase leading up here.
You feel very mighty all of a sudden. The gnoll hits you but does no damage.
You block the gnoll's attack.
You barely miss the gnoll. You closely miss the gnoll. You slash the gnoll!
The gnoll barely misses you. You block the gnoll's attack.
The gnoll barely misses you.
You closely miss the gnoll. x2; You barely miss the gnoll.
You slash the gnoll! The gnoll barely misses you. You block the gnoll's attack.
The gnoll barely misses you.
The gnoll hits you with a halberd of distortion!
* * * LOW HITPOINT WARNING * * *
Space bends around you.
* * * LOW HITPOINT WARNING * * *
The gnoll hits you.
You die...

#.. #.. #...
#..$. #
#.!..######.#
#...........#
#.........#
#....@g...#
#...ggg..##
#........#
#........#
#.......$#
#........#
#........#
##########


You could see 4 gnolls.

Vanquished Creatures
  An adder (D:2)
  An ooze (D:2)
  A dart slug (D:1)
  A leopard gecko (D:1)
  2 bats
  5 goblins
  4 jackals (D:1)
  2 kobolds (D:2)
  3 frilled lizards (D:2)
  8 rats
28 creatures vanquished.

Notes
Turn   | Place    | Note
-------+----------+-------------------------------------------
     0 | D:1      | iamserjio the Gargoyle Fighter began the quest for the Orb.
     0 | D:1      | Reached XP level 1. HP: 14/14 MP: 1/1
    27 | D:2      | Reached XP level 2. HP: 12/19 MP: 2/2
    57 | D:2      | Reached XP level 3. HP: 13/23 MP: 3/3
   246 | D:3      | HP: 1/23 [gnoll/halberd of distortion (1)]
   246 | D:3      | Slain by a gnoll

Vault maps used:
D:1:      dpeg_arrival_pits
D:3:      minmay_misc_feat_ornament, tgw_sif, uniq_robin

Skill      XL: |  1 |
---------------+----+-----
Axes           | 2 |  2.5
Fighting       | |  3.5
Armour         | |  3.6
Shields        | |  3.9

Action                   || total
-------------------------++-------
Melee: War axe           ||    72
  Use: Potion            ||     1
Armor: Scale mail        ||    61
Dodge: Dodged            ||    34
Block: Shield            ||    67

Table legend:
 A = Spawn XP
 B = Non-spawn XP
 C = Spawn XP percentage of total XP
 D = Spawn monster count
 E = Non-spawn monster count
 F = Spawn count percentage of total count
 G = Total turns spent on level
                    A         B        C        D         E        F      G
               +---------+---------+-------+---------+---------+-------+---------
         Total |       0 |      63 |   0.0 |       0 |      28 |   0.0 |   246
               +---------+---------+-------+---------+---------+-------+---------
           D:1 |       0 |      27 |   0.0 |       0 |      14 |   0.0 |   142
           D:2 |       0 |      36 |   0.0 |       0 |      14 |   0.0 |   101
               +---------+---------+-------+---------+---------+-------+---------
